 Dungeon Crawl Stone Soup version 0.26.0-9-gab577f9fc5 (webtiles) character file.

Game seed: 5161684136376178205

109 KamiKatze the Skirmisher (level 4, -3/29 HPs)
             Began as a Gargoyle Monk on Jan 13, 2021.
             Killed from afar by Terence (8 damage)
             ... with a puff of flame
             ... on level 2 of the Dungeon.
             The game lasted 00:05:25 (1753 turns).

KamiKatze the Skirmisher (Gargoyle Monk)            Turns: 1753, Time: 00:05:25

Health: -3/29      AC: 10    Str: 15    XL:     4   Next: 90%
Magic:  4/4        EV: 11    Int: 11    God:
Gold:   92         SH:  0    Dex: 12    Spells: 3/3 levels left

rFire    . . .     SeeInvis .   a - +0 hand axe
rCold    . . .     Faith    .   (no shield)
rNeg     + . .     Spirit   .   g - +0 ring mail
rPois    ∞         Reflect  .   o - +0 helmet
rElec    +         Harm     .   (no cloak)
rCorr    .         Rampage  .   (no gloves)
Will     .....                  c - +0 pair of boots
Stlth    +.........             (no amulet)
HPRegen  0.09/turn              (no ring)
MPRegen  0.09/turn              (no ring)

@: no status effects
A: negative energy resistance 1, electricity resistance, unbreathing,
petrification resistance, miasma immunity, AC +3
a: no special abilities


You were on level 2 of the Dungeon.
You visited 1 branch of the dungeon, and saw 2 of its levels.

You collected 92 gold pieces.

Inventory:

Hand Weapons
 a - a +0 hand axe (weapon)
Armour
 c - a +0 pair of boots (worn)
 g - a +0 ring mail (worn)
 o - a +0 helmet (worn)
Jewellery
 b - an uncursed ring of wizardry {unknown}
Scrolls
 e - 3 scrolls of remove curse {unknown}
 j - 2 scrolls of teleportation {unknown}
 k - a scroll of blinking {unknown}
 m - a scroll of amnesia {unknown}
 n - 2 scrolls of identify {unknown}
Potions
 d - 2 potions of degeneration {unknown}
 f - a potion of lignification {unknown}
 h - 2 potions of might {unknown}
 i - a potion of invisibility {unknown}
 l - a potion of magic {unknown}


   Skills:
 + Level 4.1 Fighting
 * Level 4.0 Axes
 + Level 3.0 Dodging
 - Level 2.1 Stealth


You had 3 spell levels left.
You didn't know any spells.
Your spell library was empty.

Dungeon Overview and Level Annotations

Branches:
Dungeon (2/15)

Altars:
Makhleb
Xom

Annotations:
D:2 Terence


Innate Abilities, Weirdness & Mutations

You are resistant to torment.
Your stone body is resilient. (AC +3)
You are immune to poison.
You resist negative energy. (rN+)
You are resistant to electric shocks. (rElec)
You can survive without breathing.
You are immune to petrification.
You are immune to miasma.


Message History

Terence is almost dead.
Terence hits you with a +0 flail.
* * * LOW HITPOINT WARNING * * *
You closely miss Terence.
Terence is almost dead.
Terence closely misses you.
You barely miss Terence.
Terence is almost dead.
Terence closely misses you.
You barely miss Terence.
Terence is almost dead.
Terence zaps a wand.
The puff of flame hits you.
* * * LOW HITPOINT WARNING * * *
You hit Terence but do no damage.
Terence is almost dead.
Terence closely misses you.
You barely miss Terence.
Terence is almost dead.
Terence zaps a wand.
The puff of flame hits you!
You die...

########.#
##########........#
#........#.########
#.######.#..#
#.#.........#
#.#.##...#..#######
#.#......#.........
#.####.########.########
#......@........#
######@########## ..w
####


You could see Terence and a dart slug.

Vanquished Creatures
  An iguana (D:2)
  A hound zombie (D:2)
  3 adders (D:2)
  An ooze (D:2)
  2 dart slugs
  A leopard gecko (D:1)
  A giant cockroach (D:1)
  4 hobgoblins
  3 kobolds
  8 bats
  A frilled lizard (D:1)
  3 goblins (D:1)
  9 rats
38 creatures vanquished.

Notes
Turn   | Place    | Note
-------+----------+-------------------------------------------
     0 | D:1      | KamiKatze the Gargoyle Monk began the quest for the Orb.
     0 | D:1      | Reached XP level 1. HP: 14/14 MP: 1/1
   148 | D:1      | Reached XP level 2. HP: 16/19 MP: 2/2
   635 | D:1      | Reached XP level 3. HP: 17/23 MP: 3/3
   767 | D:2      | Found a burning altar of Makhleb.
   767 | D:2      | Found a shimmering altar of Xom.
   923 | D:2      | Reached XP level 4. HP: 29/29 MP: 4/4
  1289 | D:2      | HP: 1/29 [iguana (7)]
  1335 | D:2      | HP: 1/29 [iguana (4)]
  1725 | D:2      | Noticed Terence
  1753 | D:2      | Killed from afar by Terence

Illustrated notes

Levels and vault maps discovered:
D:1:      saegor_arrival_miasma, layout_basic
D:2:      minmay_chambers_of_ones, layout_basic,
          gammafunk_temple_overflow_statue, uniq_terence

Skill      XL: |  1  2  3  4 |
---------------+-------------+-----
Axes           | 3 4 |  4.0
Fighting       | 4 |  4.1
Dodging        | 3 |  3.0
Stealth        | |  2.1

Action                   |  1- 3 |  4- 6 || total
-------------------------+-------+-------++-------
Melee: Hand axe          |    96 |    74 ||   170
 Stab: Sleeping          |     2 |       ||     2
Armor: Robe              |    20 |       ||    20
       Ring mail         |    24 |    28 ||    52
       Leather armour    |     8 |       ||     8
Dodge: Dodged            |    58 |    49 ||   107
